 Dungeon Crawl Stone Soup version 0.21.1-1-g345015f (webtiles) character file.

109 TinyReaver the Chiller (level 4, 0/24 HPs)
             Began as a Deep Elf Ice Elementalist on May 5, 2018.
             Slain by Crazy Yiuf
             ... wielding a +2 quarterstaff of chaos
              (17 damage)
             ... on level 3 of the Dungeon.
             The game lasted 00:15:16 (3158 turns).

TinyReaver the Chiller (Deep Elf Ice Elementalist)  Turns: 3158, Time: 00:15:17

Health: 0/24       AC:  2    Str:  5    XL:     4   Next: 59%
Magic:  5/12       EV: 13    Int: 21    God:
Gold:   182        SH:  5    Dex: 15    Spells: 5/11 levels left

rFire    . . .     SeeInvis .   f - +0 dagger
rCold    . . .     Gourm    .   p - +2 buckler
rNeg     . . .     Faith    .   a - +0 robe
rPois    .         Spirit   .   (no helmet)
rElec    .         Reflect  .   (no cloak)
rCorr    .         Harm     .   (no gloves)
MR       .....                  (no boots)
Stlth    ++........             (no amulet)
HPRegen  0.08/turn              (no ring)
MPRegen  0.13/turn              (no ring)

@: very slightly contaminated
A: no striking features
a: no special abilities


You were on level 3 of the Dungeon.
You were not hungry.

You visited 1 branch of the dungeon, and saw 3 of its levels.

You collected 182 gold pieces.

Inventory:

Hand Weapons
 f - a +0 dagger (weapon)
Armour
 a - a +0 robe (worn)
 p - a +2 buckler (worn)
Jewellery
 o - an uncursed ring of fire
Scrolls
 e - a scroll of remove curse
 g - a scroll of random uselessness {unknown}
 h - a scroll of noise {unknown}
 i - a scroll of identify {unknown}
 j - 2 scrolls of magic mapping {unknown}
 m - a scroll of enchant armour {unknown}
 n - a scroll of immolation {unknown}
Potions
 k - 2 potions of mutation {unknown}
 l - 2 potions of flight {unknown}
 q - 2 potions of curing {unknown}
 r - a potion of magic {unknown}
Books
 b - a book of Frost

   Spells                             Type                      Level
   a - Freeze                         Ice                          1
   b - Throw Frost                    Conjuration/Ice              2
   c - Ozocubu's Armour               Charms/Ice                   3
   d - Throw Icicle                   Conjuration/Ice              4
   e - Summon Ice Beast               Ice/Summoning                4
Comestibles
 c - 8 rations


   Skills:
 + Level 0.7 Fighting
 + Level 3.2 Dodging
 + Level 2.9 Stealth
 + Level 4.1 Spellcasting
 + Level 1.9 Conjurations
 + Level 4.2 Ice Magic


You had 5 spell levels left.
You knew the following spells:

 Your Spells              Type           Power        Failure   Level  Hunger
a - Freeze                Ice            ###.         3%          1    None
b - Throw Frost           Conj/Ice       ###...       9%          2    #......
c - Ozocubu's Armour      Chrm/Ice       ##......     24%         3    ###....


Dungeon Overview and Level Annotations

Branches:
Dungeon (3/15)

Altars:
Nemelex Xobeh
Okawaru

Annotations:
D:3 Crazy Yiuf


Message History

You are very lightly contaminated with residual magic.
Nothing appears to happen.
Casting: Throw Frost
Confirm with . or Enter, or press ? or * to list all spells.
Aiming: Throw Frost
Press: ? - help, Shift-Dir - straight line, f/p - Crazy Yiuf
Aim: Crazy Yiuf, wielding a quarterstaff of chaos and wearing a cloak (moderately wounded)
The puff of frost hits Crazy Yiuf.
Crazy Yiuf is heavily wounded.
Casting: Throw Frost
Confirm with . or Enter, or press ? or * to list all spells.
Aiming: Freeze
Press: ? - help, Shift-Dir - straight line, f/p - Crazy Yiuf
Aim: Crazy Yiuf, wielding a quarterstaff of chaos and wearing a cloak (heavily wounded)
You freeze Crazy Yiuf.
Crazy Yiuf is heavily wounded.
Crazy Yiuf hits you with a quarterstaff of chaos!
You are electrocuted!
Ouch! That really hurt!
You die...

.#.#######........#...........#
...........##############.#####
...........# #.# ..##.......#
##### #.# ...........# #)..#
#.# ...#.#####.# #...# #.#
...#.....#.# ... ###.#
.#.#####.#.# #g# #...# .#.##
#.#.# ♣@♣♣ #.### .#.[####.#.#
♣♣.♣ #.# .#.......#.# ♣.♣♣ #.#
.#..#.####.# ♣♣.♣ #.#
##..#......# ♣♣.♣♣ ##.#
....#......# ♣♣...♣ #..#
###........# ♣....♣ ####
##.......# #....#
#..####.####....#####


You could see Crazy Yiuf.

Vanquished Creatures
  4 adders
  3 dart slugs (D:1)
  A leopard gecko (D:1)
  A ball python (D:3)
  8 bats
  4 giant cockroaches
  4 goblins
  4 hobgoblins (D:1)
  8 jackals
  2 quokkas (D:3)
  3 frilled lizards
  5 kobolds
  18 rats
65 creatures vanquished.

Notes
Turn   | Place    | Note
-------+----------+-------------------------------------------
     0 | D:1      | TinyReaver the Deep Elf Ice Elementalist began the quest for the Orb.
     0 | D:1      | Reached XP level 1. HP: 10/10 MP: 6/6
   154 | D:1      | Reached XP level 2. HP: 15/15 MP: 6/8
   321 | D:1      | Learned a level 2 spell: Throw Frost
   845 | D:1      | Reached XP level 3. HP: 19/19 MP: 2/10
  1653 | D:2      | Found a sparkling altar of Nemelex Xobeh.
  1757 | D:2      | Found an iron altar of Okawaru.
  1831 | D:2      | Reached XP level 4. HP: 24/24 MP: 6/12
  2189 | D:3      | Learned a level 3 spell: Ozocubu's Armour
  2661 | D:3      | Found a runed door.
  3154 | D:3      | Noticed Crazy Yiuf
  3158 | D:3      | Slain by Crazy Yiuf

Skill      XL: |  1  2  3 |
---------------+----------+-----
Ice Magic      | 4 |  4.2
Spellcasting   | 4 |  4.1
Dodging        | 3 |  3.2
Fighting       | |  0.7
Stealth        | |  2.9
Conjurations   | |  1.9

Action                   |  1- 3 |  4- 6 || total
-------------------------+-------+-------++-------
Melee: Dagger            |    42 |     1 ||    43
 Cast: Freeze            |    29 |    16 ||    45
       Throw Frost       |    34 |    28 ||    62
       Ozocubu's Armour  |       |     1 ||     1
  Use: Scroll            |       |     1 ||     1
 Stab: Sleeping          |     1 |       ||     1
  Eat: Chunk             |     4 |     4 ||     8
Armor: Robe              |    10 |     6 ||    16
Dodge: Dodged            |    46 |     9 ||    55
